 Dungeon Crawl Stone Soup version 0.31-a0-851-g7ff8af7976 (console) character file.

Game seed: 12961670511517239701

1690886 questionabletactics the Sorcerer (level 27, 174/202 HPs)
             Began as a Djinni Hedge Wizard on Oct 6, 2023.
             Was the Champion of Makhleb.
             Escaped with the Orb
             ... and 3 runes on Oct 7, 2023!
             The game lasted 04:21:57 (65261 turns).

questionabletactics the Sorcerer (DjHW)            Turns: 65261, Time: 04:21:58

Health: 174/202    AC: 30    Str: 21    XL:     27
Gold:   4907       EV: 28    Int: 19    God:    Makhleb [******] SH: 25 Dex: 30

rFire   + + +        a - +9 double sword (holy)
rCold   + + +        I - +4 kite shield {rF+}
rNeg    . . .        Q - +9 ice dragon scales
rPois   ∞            R - +2 hood of the Assassin {Detect Stab+ Stlth++}
rElec   +            l - +2 cloak of Polytheism {Will+ Str+3}
rCorr   .            M - +0 pair of gloves of Ozill {rElec Dex+3}
SInv    .            (boots unavailable)
Will    ++++.        T - amulet "Ycuttat" {Reflect Str+6 SH+5}
Stlth   ++           J - ring of Rol Heh {*Slow rF+ rC+++ Str+3 Dex+3}
HPRegen 0.53/turn    m - ring of Jaeg {Wiz rPois Slay+3}
MPRegen 0.00/turn

%: slow self (1%), reflection, wizardry (x1)
@: flying, hasted (expiring), studying Invocations, very quick
A: sickness immunity, fire resistance 2, cold vulnerability 1, float, innate
caster, HP casting, extra vitality 1, horns 1, deterioration 1, strong-willed 1,
noise suppression
0: Orb of Zot
}: 3/15 runes: decaying, silver, gossamer
a: Renounce Religion, Minor Destruction, Lesser Servant of Makhleb, Major
Destruction, Greater Servant of Makhleb


You escaped.
You worshipped Makhleb.
Makhleb was exalted by your worship.
You visited 11 branches of the dungeon, and saw 51 of its levels.
You also visited: Volcano.

You collected 8002 gold pieces.
You spent 3095 gold pieces at shops.

Inventory:

Hand Weapons
 a - a +9 double sword of holy wrath (weapon)
 b - a +3 scimitar of flaming
 X - a +2 spectral demon blade
Missiles
 y - 2 throwing nets
 U - 2 curare-tipped darts
Armour
 c - the -2 hat of the Alchemist {rElec rPois rF+ rC+ rN+ Will+ rMut rCorr}
   (You found it on level 5 of the Vaults)

   rF+:       It protects you from fire.
   rC+:       It protects you from cold.
   rElec:     It insulates you from electricity.
   rPois:     It protects you from poison rN+: It protects you from negative
   energy.
   Will+:     It increases your willpower.
   rCorr:     It protects you from acid and corrosion.
   rMut:      It protects you from mutation.
 l - the +2 cloak of Polytheism (worn) {Will+ Str+3}
   (You found it on level 2 of the Depths)

   Str+3:     It affects your strength (+3).
   Will+:     It increases your willpower.
 I - a +4 kite shield of fire resistance (worn)
 M - the +0 pair of gloves of Ozill (worn) {rElec Dex+3}
   (You found it on level 2 of the Depths)

   Dex+3:     It affects your dexterity (+3).
   rElec:     It insulates you from electricity.
 Q - +9 ice dragon scales (worn)
 R - the +2 hood of the Assassin (worn) {Detect Stab+ Stlth++}
   (You acquired it on level 3 of the Lair of Beasts)

   Detect:    It allows the wearer to sense nearby creatures.
   Stab+:     It allows the wearer to make particularly effective stabbing
   attacks against helpless or unaware enemies with any weapon.
   Stlth++:   It makes you much more stealthy.
Jewellery
 m - the ring of Jaeg (right hand) {Wiz rPois Slay+3}
   (You found it on level 5 of the Vaults)

   [ring of wizardry]

   Wiz:       It improves your spell success rate.
   Slay+3:    It affects your accuracy & damage with ranged weapons and melee
   (+3).
   rPois:     It protects you from poison
 z - the ring "Bela" {Ice rElec rPois}
   (You took it off a gnoll on level 4 of the Dungeon)

   [ring of ice]

   Ice:       It enhances your ice magic.
   rF-:       It makes you vulnerable to fire.
   rC+:       It protects you from cold.
   rElec:     It insulates you from electricity.
   rPois:     It protects you from poison
 J - the ring of Rol Heh (left hand) {*Slow rF+ rC+++ Str+3 Dex+3}
   (You found it on level 1 of the Elven Halls)

   [ring of protection from fire]

   Str+3:     It affects your strength (+3).
   Dex+3:     It affects your dexterity (+3).
   rF+:       It protects you from fire.
   rC+++:     It renders you almost immune to cold.
   *Slow:     It may slow you when you take damage.
 K - a +6 ring of intelligence
 N - a ring of see invisible
 P - the ring of Esiegi {rF+ Will+ AC+4 Stlth+}
   (You found it on level 1 of the Depths)

   [ring of protection]

   AC+4:      It affects your AC (+4).
   rF+:       It protects you from fire.
   Will+:     It increases your willpower.
   Stlth+:    It makes you more stealthy.
 T - the amulet "Ycuttat" (around neck) {Reflect Str+6 SH+5}
   (You found it on level 5 of the Vaults)

   [amulet of reflection]

   Reflect:   It reflects blocked missile attacks.
   Str+6:     It affects your strength (+6).
   SH+5:      It affects your SH (+5).
 V - the amulet "Hosiqaba" {RegenMP Harm Regen+ Int+5 SInv}
   (You found it on level 3 of the Crypt)

   [amulet of magic regeneration]

   RegenMP:   It increases your rate of magic regeneration.
   Int+5:     It affects your intelligence (+5).
   SInv:      It lets you see invisible.
   Regen+:    It increases your rate of health regeneration.
   Harm:      It increases damage dealt and taken.
 W - a +6 ring of strength
Wands
 d - a wand of digging (9)
 f - a wand of light (18)
 p - a wand of roots (40)
 t - a wand of polymorph (15)
 H - a wand of charming (23)
 S - a wand of mindburst (29)
Scrolls
 e - 8 scrolls of fog
 h - 5 scrolls of summoning
 k - 7 scrolls of blinking
 o - 6 scrolls of poison
 q - 2 scrolls of revelation
 v - 5 scrolls of teleportation
 x - 4 scrolls of fear
 C - 8 scrolls of vulnerability
 E - 3 scrolls of silence
 F - a scroll of brand weapon
Potions
 g - 21 potions of curing
 i - 7 potions of brilliance
 j - 7 potions of haste
 n - 9 potions of might
 s - 12 potions of enlightenment
 u - 9 potions of mutation
 B - 2 potions of invisibility
 D - 5 potions of cancellation
 G - 7 potions of resistance
 L - 6 potions of ambrosia
 O - 11 potions of heal wounds
Miscellaneous
 A - a phial of floods


   Skills:
 - Level 18.9 Fighting
 - Level 15.7 Long Blades
 - Level 12.8 Armour
 - Level 20.0 Dodging
 - Level 9.3 Stealth
 - Level 13.4 Shields
 + Level 22.3 Spellcasting
 + Level 22.3 Conjurations
 + Level 22.3 Hexes
   Level 0.0 Charms
 + Level 22.3 Summonings
 + Level 22.3 Necromancy
 + Level 22.3 Translocations
 + Level 22.3 Transmutations
 + Level 22.3 Fire Magic
 + Level 22.3 Ice Magic
 + Level 22.3 Air Magic
 + Level 22.3 Earth Magic
 + Level 22.3 Poison Magic
 - Level 12.0 Invocations
 - Level 3.0 Evocations


You knew the following spells:

 Your Spells              Type           Power      Damage    Failure   Level
a - Magic Dart            Conj           100%       1d8       0%          1
b - Slow                  Hex            100%       N/A       0%          1
c - Blink                 Tloc           100%       N/A       0%          2
d - Call Imp              Summ           100%       N/A       0%          2
e - Mephitic Cloud        Conj/Pois/Air  82%        N/A       0%          3
f - Freeze                Ice            100%       1d10      0%          1
g - Poisonous Vapours     Pois/Air       100%       N/A       0%          2
h - Jinxbite              Hex            100%       N/A       0%          2
i - Hailstorm             Conj/Ice       82%        3d17      0%          3
j - Arcjolt               Conj/Air       41%        1d51      1%          5
k - Metabolic Englaciati  Hex/Ice        41%        N/A       1%          5
l - Bombard               Conj/Erth      41%        9d7       1%          6
m - Conjure Ball Lightni  Conj/Air       41%        3x3d13    1%          6
n - Simulacrum            Ice/Necr       41%        N/A       1%          6
o - Ignition              Fire           41%        3d12      2%          8
p - Orb of Destruction    Conj           41%        9d11      1%          7
q - Fire Storm            Conj/Fire      41%        8d10      32%         9
r - Chain Lightning       Conj/Air       41%        3d54      32%         9
Your spell library was empty.

Dungeon Overview and Level Annotations

Branches:
Dungeon (15/15)            Temple (1/1) D:7            Lair (5/5) D:10
  Swamp (4/4) Lair:3       Spider (4/4) Lair:3        Slime (0/5) Lair:5
    Orc (2/2) D:10            Elf (3/3) Orc:2        Vaults (5/5) D:14
  Crypt (3/3) Vaults:2       Tomb (0/3) Crypt:3      Depths (4/4) D:15
    Zot (5/5) Depths:4    Volcano (visited)

Altars:
Ashenzari
Cheibriados
Dithmenos
Elyvilon
Fedhas
Gozag
Hepliaklqana
Makhleb
Nemelex Xobeh
Okawaru
Qazlal
Ru
Trog
Uskayaw
Wu Jian
Xom
Yredelemnul
Zin
The Shining One
Jiyva

Shops:
D:9 !   D:12 *   Orc:2 (!*!   Vaults:2 *   Vaults:3 *[   Vaults:5 ?!

Portals:
Hell: Depths:1 Depths:2 Depths:3 Depths:4
Abyss: Depths:3
Pandemonium: Depths:2
Ziggurat: Depths:2

Annotations:
Lair:5 2 transporters, Ehotes's ghost, journeyman SpEn
Spider:3 Bai Suzhen
Elf:2 exclusion: 3 doors
Vaults:2 Mara
Zot:3 3 transporters


Innate Abilities, Weirdness & Mutations

You are immune to sickness and miasma.
You are immune to poison.
Your flesh is very heat resistant. (rF++)
You are vulnerable to cold. (rC-)
You float through the air rather than walking.
You learn spells naturally, not from books.
Your magical power is your life essence.
You have superior vitality. (+4 MHP)
You have a pair of small horns on your head.
Your body sometimes deteriorates upon taking damage.
You are strong-willed. (Will+)
You passively dampen the noise of your surroundings.


Message History

The great icy blast engulfs you!!! You partially resist.
You are encased in ice.
Corpho Ise gores you. Corpho Ise corrodes you!
Blink to where?
Press: ? - help, Dir - move target
As you read the scroll of blinking, it crumbles to dust.
The ice encasing you melts away.
Aiming: Dig
Press: ? - help, Shift-Dir - straight line, f - you Please select a direction to dig.
This square is covered in magical glow.
The rock shatters into small pieces.
Aiming: Dig
Press: ? - help, Shift-Dir - straight line, f - you Please select a direction to dig.
This square is covered in magical glow.
The rock shatters into small pieces.
There is a stone staircase leading up here.
You fly upwards.
There is a stone staircase leading down here.
An Isarr and a large abomination come into view.
Press: ? - help, v - describe, . - travel
Here: Isarr, armed with a painful touch The floor.
You are no longer corroded.
Blink to where?
Press: ? - help, Dir - move target
As you read the scroll of blinking, it crumbles to dust.
A mysterious force pulls you upwards. The hatch slams shut behind you.
There is a stone staircase leading up here.
You fly upwards.
There is a stone staircase leading down here.
Aiming: Dig
Press: ? - help, Shift-Dir - straight line, f - you Please select a direction to dig.
This square is covered in magical glow.
The rock shatters into small pieces.
Your extra speed is starting to run out.
There is a staircase leading out of the dungeon here.
You have escaped!

.....##.# ## #.#
#....###.##### #######.#
#.###.###.............
###.#
#....#.......##.####.
#†..# #..#............>#
#. #.###
##.#.##.......##..# #. #.#
##.###.###...####..# #.
#.# #.♣#♣♣#.##...####..#
#.
#.#####♣.♣..♣#.##.#......#
#. #....#
#♣...@♣#.>.#.###.## #.
####.# #.♣#♣♣######.##..#
##. ########.###.## #.#
#.##.## #..
.....##...###.# #.# #.##.#
#.# ####..........# #.#
#.##.# #.# #.##...###.#
#.# #.##.# #.# #.###.##
#.# #.# #.##.# #.# #.###.#
#.# #.# #.##.# #.# #.....#
##.####.####....# #.#


There were no monsters in sight!

Vanquished Creatures
  2 dread liches
  6 ancient liches
  2 orbs of fire (Zot:5)
  Sojobo (Depths:2)
  Vv (Crypt:2)
  4 Killer Klowns (Zot:5)
  Frederick (Crypt:3)
  Saint Roka (Vaults:2)
  Margery (Crypt:3)
  A curse toe (Zot:5)
  9 golden dragons
  Arachne (Spider:3)
  3 electric golems
  A bone dragon (Crypt:3)
  20 Orb Guardians (Zot:5)
  11 tentacled monstrosities
  A quicksilver dragon (Zot:2)
  Zenata (Elf:1)
  Asterion (Spider:2)
  8 liches
  A walking earthen tome (Depths:2)
  2 deep elf master archers (Elf:3)
  5 titans
  2 deep elf blademasters (Elf:3)
  7 sphinxes
  The ghost of Naox the Unseen, an adept KoAr of Uskayaw (Vaults:3)
  Gastronok (Lair:2)
  6 ancient champions
  2 death cobs
  A thorn hunter (Swamp:4)
  Frances (Spider:2)
  4 revenants
  7 storm dragons
  7 tengu reavers
  7 draconian monks
  5 shadow dragons
  A fenstrider witch (Swamp:4)
  3 draconian knights
  4 deep elf sorcerers
  8 frost giants
  11 fire giants
  The ghost of avis the Skinwalker, an adept FeSh of Gozag (Elf:1)
  3 emperor scorpions
  5 draconian shifters
  The ghost of beavisfan the Fighter, a journeyman DsEE of Vehumet (D:13)
  3 curse skulls
  An iron dragon (Depths:2)
  3 draconian scorchers
  4 ghost moths
  A balrug (Depths:2)
  6 deep elf elementalists
  12 vault wardens
  11 ghouls
  2 reapers
  2 spriggan defenders
  21 ironbound preservers
  2 orc warlords
  4 draconian annihilators
  11 stone giants
  19 very ugly things
  The ghost of kd29 the Grappler, a journeyman TrSh of Trog (Lair:4)
  5 ironbound thunderhulks
  2 eleionomae
  3 war gargoyles
  6 black draconians
  2 green draconians
  11 vampire knights
  8 deep elf annihilators
  8 spark wasps
  5 deep elf demonologists
  2 broodmothers (Spider:4)
  3 yellow draconians
  Azrael (Elf:1)
  4 purple draconians
  3 white draconians
  3 minotaurs (Depths:3)
  4 bunyips
  6 red draconians
  9 dire elephants
  13 deep elf death magi
  Snorg (Lair:4)
  A crystal guardian (Vaults:4)
  3 eidola
  10 jiangshi
  5 ettins
  12 fire dragons
  15 yaktaur captains
  A great orb of eyes (shapeshifter) (Elf:1)
  5 entropy weavers
  8 deep elf high priests
  8 great orbs of eyes
  A hell beast (Elf:1)
  A spriggan zombie (Crypt:3)
  2 peacekeepers (Vaults:4)
  2 rakshasas
  21 hydras
  An ogre mage (Vaults:5)
  30 vault guards
  4 ghost crabs
  A jorogumo (shapeshifter) (Depths:2)
  4 radroaches
  13 alligators
  4 boulder beetles
  2 ice dragons
  6 ironbound frosthearts
  3 jorogumos
  2 death knights
  3 spriggan air magi (Depths:4)
  An anaconda (shapeshifter) (Depths:2)
  26 dancing weapons
  4 two-headed ogres
  7 centaur warriors
  4 catoblepae
  A death scarab (Spider:1)
  A satyr (shapeshifter) (Depths:2)
  A spriggan skeleton (Crypt:3)
  2 tengu warriors
  4 deep troll shamans
  6 death yaks
  3 deep troll earth magi
  4 vampire magi
  7 demonic crawlers
  Urug (Lair:1)
  A hell hog (Volcano)
  A shock serpent (shapeshifter) (Elf:3)
  The ghost of Thrassey the Martial Artist, a novice DsSh of Nemelex Xobeh (D:8)
  5 orc high priests (Orc:2)
  4 spriggan berserkers
  28 deep elf knights
  21 skeletal warriors
  A fire crab (Swamp:4)
  9 hell knights
  10 pharaoh ants
  4 iron trolls
  A skyshark (shapeshifter) (Vaults:5)
  8 sun moths
  A fire crab (shapeshifter) (Depths:2)
  A death drake (shapeshifter) (Depths:2)
  4 goliath frogs
  The ghost of lunkers the Martial Artist, a novice MeSh (D:8)
  45 deep trolls
  4 glowing orange brains
  A titan skeleton (Crypt:2)
  18 orb spiders
  5 shadow wraiths
  A shadow demon (D:4)
  A bog body (Swamp:2)
  4 spriggan druids
  6 wizards
  23 deep elf archers
  A golden dragon skeleton (Crypt:3)
  2 flayed ghosts (Crypt:3)
  10 swamp dragons
  An obsidian statue (Vaults:3)
  A spectral hydra (Lair:3)
  6 steelbarb worms
  31 deep elf pyromancers
  16 ironbound convokers
  5 harpies
  8 lindwurms
  11 orc knights
  A bunyip skeleton (Crypt:1)
  An orange crystal statue (Elf:2)
  21 wolf spiders
  10 necromancers
  A wolf spider (shapeshifter) (Vaults:5)
  A wolf spider zombie (D:13)
  10 phantasmal warriors
  A shining eye (Vaults:2)
  21 ugly things
  A shadow dragon skeleton (Vaults:4)
  A broodmother zombie (Crypt:2)
  29 deep elf zephyrmancers
  3 cyclopes
  9 manticores
  2 will-o-the-wisps (Swamp:2)
  A goliath frog skeleton (Crypt:3)
  15 moths of wrath
  A frost giant zombie (Crypt:2)
  A salamander (shapeshifter) (Depths:2)
  An iron dragon skeleton (Crypt:3)
  6 orc sorcerers
  24 vault sentinels
  2 guardian serpents (shapeshifter) (Depths:2)
  2 spectral centaurs (D:13)
  22 elephants
  A centaur zombie (D:13)
  2 stone giant skeletons
  A water nymph (shapeshifter) (Depths:2)
  A gargoyle (D:13)
  A naga mage (D:15)
  13 torpor snails
  8 black mambas
  A rust devil (Depths:2)
  2 smoke demons
  A centaur skeleton (D:15)
  13 cane toads
  2 alligator snapping turtle zombies (Crypt:3)
  An unseen horror (shapeshifter) (Depths:2)
  An efreet (D:13)
  A rime drake (shapeshifter) (Depths:2)
  7 freezing wraiths
  Psyche (D:9)
  A steelbarb worm zombie (Crypt:1)
  A yaktaur zombie (Vaults:4)
  12 komodo dragons
  22 yaktaurs
  8 rime drakes
  2 kobold demonologists (D:12)
  2 ice devils (Depths:2)
  4 tengu conjurers
  A black draconian skeleton (Crypt:1)
  A spectral skyshark (Lair:3)
  5 guardian mummies (Crypt:3)
  A pale draconian skeleton (Crypt:3)
  A catoblepas skeleton (Crypt:1)
  A merfolk (shapeshifter) (Vaults:5)
  A meliai (shapeshifter) (D:13)
  A harpy zombie (Crypt:3)
  12 meliai
  A queen bee (Lair:4)
  36 hornets
  7 trolls
  2 polar bears
  A hydra skeleton (Crypt:3)
  28 tarantellas
  12 tyrant leeches
  A spectral elephant (Lair:3)
  An ettin zombie (Crypt:3)
  8 blink frogs
  Grinder (D:5)
  13 dream sheep
  A meliai zombie (D:15)
  A spectral dream sheep (Lair:3)
  2 slime creatures (shapeshifter)
  22 jumping spiders
  A jumping spider (shapeshifter) (Elf:2)
  9 flying skulls
  An ice dragon skeleton (Crypt:1)
  3 centaur simulacra
  20 spriggans
  2 shadows
  28 slime creatures
  6 air elementals
  25 culicivoras
  A hog (shapeshifter) (Depths:2)
  6 basilisks
  3 vampires
  3 wyverns
  A golden eye (shapeshifter) (Depths:2)
  5 water elementals
  33 yaks
  7 wraiths
  4 fire bats
  7 fire elementals
  A basilisk (shapeshifter) (Depths:2)
  4 vampire mosquitoes
  44 redbacks
  Menkaure (D:4)
  A steam dragon (Lair:2)
  15 swamp worms
  Edmund (D:4)
  4 wargs
  22 water moccasins
  A faun skeleton (Crypt:2)
  5 hell hounds
  2 floating eyes
  A floating eye (shapeshifter) (Vaults:5)
  A merfolk skeleton (Crypt:2)
  49 orc warriors
  10 swamp drakes (Swamp:4)
  5 black bears
  A sky beast (D:7)
  7 ogres
  A spectral blink frog (Lair:3)
  A spectral torpor snail (Lair:3)
  2 ice beasts
  18 wolves
  12 centaurs
  A human skeleton (Vaults:4)
  7 kobold brigands
  5 necrophages
  7 bullfrogs
  8 earth elementals
  7 gnoll sergeants
  A scorpion (D:5)
  A naga simulacrum (Crypt:3)
  A komodo dragon skeleton (Crypt:1)
  4 wights
  22 killer bees
  A shapeshifter zombie (Crypt:2)
  A warg skeleton (Crypt:1)
  An electric eel (Lair:5)
  6 howler monkeys
  A polar bear skeleton (Crypt:3)
  4 komodo dragon simulacra (Lair:2)
  A jelly (Lair:5)
  A water moccasin simulacrum (Lair:2)
  26 orc priests
  An iguana (shapeshifter) (D:13)
  2 sleepcaps (D:8)
  2 gnoll boudas
  5 iguanas
  22 orc wizards
  12 hell rats
  A polar bear simulacrum (Lair:2)
  A killer bee zombie (Crypt:1)
  A tengu zombie (Crypt:3)
  A boggart simulacrum (D:13)
  7 mummies (Crypt:3)
  Robin (D:4)
  25 gnolls
  4 adders
  A shadow imp (D:6)
  2 white imps
  An ufetubus (D:7)
  An adder skeleton (Crypt:3)
  3 worms
  A dart slug (D:4)
  87 orcs
  8 endoplasms
  4 giant cockroaches
  14 goblins
  7 hobgoblins
  4 jackals (D:4)
  24 kobolds
  4 quokkas
  10 ball pythons
  5 bats
  4 frilled lizards
  An orc zombie (Crypt:2)
  A quokka zombie (Crypt:3)
  5 rats
2124 creatures vanquished.

Vanquished Creatures (collateral kills)
  A hydra (Swamp:4)
  A swamp dragon (Swamp:1)
  A black mamba (Lair:1)
  A cane toad (Lair:1)
  A komodo dragon (Lair:1)
  A rime drake (Lair:1)
  2 tarantellas (Spider:3)
  A culicivora (Spider:3)
  A redback (Spider:3)
  A water moccasin (Lair:1)
  A centaur (D:9)
  2 ogres
  A bullfrog (Lair:1)
  A gnoll sergeant (D:10)
  A killer bee (D:9)
  A hound (D:6)
  2 orc wizards
  3 gnolls (D:4)
  A worm (D:3)
  A dart slug (D:2)
  2 orcs
  2 endoplasms (D:1)
  A giant cockroach (D:4)
  6 goblins
  3 hobgoblins (D:1)
  2 kobolds (D:5)
  A bat (D:1)
42 creatures vanquished.

Vanquished Creatures (others)
  Nikola (Vaults:2)
  The ghost of jasper the Zephyrmancer, a journeyman OgAE of Vehumet (Lair:2)
  An entropy weaver (Spider:2)
  A lindwurm (Swamp:4)
  2 swamp dragons (Swamp:4)
  A deep elf zephyrmancer (Elf:1)
  A rime drake (Lair:2)
  A redback (Spider:2)
  3 swamp drakes (Swamp:4)
  A killer bee (D:9)
  A water moccasin simulacrum (Lair:2)
  An orc wizard (Vaults:5)
  An orc (Vaults:5)
  15 ball lightnings
  6 foxfires (Swamp:2)
37 creatures vanquished.

Grand Total: 2203 creatures vanquished

Notes
Turn   | Place    | Note
-------+----------+-------------------------------------------
     0 | D:1      | questionabletactics the Djinni Hedge Wizard began the quest
                  | for the Orb.
     0 | D:1      | questionabletactics set off with the following spells
                  | memorised: Magic Dart, Slow, Blink, Call Imp, Mephitic
                  | Cloud.
     0 | D:1      | Reached XP level 1. HP: 15/15 MP: 0/0
   205 | D:1      | Reached XP level 2. HP: 16/21 MP: 0/0
   477 | D:1      | Reached XP level 3. HP: 22/25 MP: 0/0
   477 | D:1      | Learned a level 1 spell: Freeze
  1154 | D:2      | Reached XP level 4. HP: 22/31 MP: 0/0
  1446 | D:2      | Found a faded altar of an unknown god.
  1855 | D:3      | Reached XP level 5. HP: 27/35 MP: 0/0
  1855 | D:3      | Learned a level 2 spell: Poisonous Vapours
  2200 | D:3      | Found the +1 Delatra's gloves {ID++}
  2317 | D:4      | Noticed Menkaure
  2458 | D:4      | Reached skill level 5 in Spellcasting
  2458 | D:4      | Reached skill level 5 in Conjurations
  2458 | D:4      | Reached skill level 5 in Hexes
  2458 | D:4      | Reached skill level 5 in Summonings
  2458 | D:4      | Reached skill level 5 in Necromancy
  2458 | D:4      | Reached skill level 5 in Translocations
  2458 | D:4      | Reached skill level 5 in Transmutations
  2458 | D:4      | Reached skill level 5 in Fire Magic
  2458 | D:4      | Reached skill level 5 in Ice Magic
  2458 | D:4      | Reached skill level 5 in Air Magic
  2458 | D:4      | Reached skill level 5 in Earth Magic
  2458 | D:4      | Reached skill level 5 in Poison Magic
  2458 | D:4      | Reached XP level 6. HP: 38/40 MP: 0/0
  2485 | D:4      | Noticed Edmund
  2679 | D:4      | Killed Edmund
  2819 | D:4      | Reached XP level 7. HP: 41/45 MP: 0/0
  2819 | D:4      | Learned a level 2 spell: Jinxbite
  3208 | D:4      | Reached skill level 1 in Fighting
  3208 | D:4      | Reached skill level 1 in Shields
  3459 | D:4      | Noticed Robin
  3477 | D:4      | Killed Robin
  3694 | D:4      | Identified the ring "Bela" {Ice rElec rPois}
  3954 | D:5      | Entered Level 5 of the Dungeon
  4034 | D:5      | Noticed Grinder
  4209 | D:5      | Reached XP level 8. HP: 51/55 MP: 0/0
  4665 | D:5      | Found a broken altar of Ashenzari.
  4923 | D:5      | Found an ornate altar of the Wu Jian Council.
  4932 | D:5      | Found an opulent altar of Gozag.
  5466 | D:6      | Found a bloodstained altar of Trog.
  5534 | D:6      | Reached skill level 5 in Dodging
  5949 | D:6      | Reached XP level 9. HP: 57/62 MP: 0/0
  5949 | D:6      | Learned a level 3 spell: Hailstorm
  6209 | D:6      | Found an iron altar of Okawaru.
  6925 | D:7      | Found a staircase to the Ecumenical Temple.
  6934 | Temple   | Entered the Ecumenical Temple
  6947 | Temple   | Became a worshipper of Makhleb the Destroyer
  7174 | D:7      | Identified the +0 leather armour of Resonant Amelioration
                  | {rC+ Dex+3 SInv}
  7461 | D:7      | Reached skill level 5 in Fighting
  8504 | D:8      | Identified the +8 dagger "Bypriwk" {heavy, Contam Str+8}
  8782 | D:8      | Found a runed translucent gate.
  8782 | D:8      | Found a runed translucent gate.
  8786 | D:8      | Found a runed translucent gate.
  8788 | D:8      | Noticed lunkers's ghost (novice MeSh)
  8788 | D:8      | Noticed Thrassey's ghost (novice DsSh)
  9178 | D:9      | Noticed Psyche
  9200 | D:8      | Reached skill level 1 in Evocations
  9339 | D:9      | Reached XP level 10. HP: 64/73 MP: 0/0
  9567 | D:9      | Found Cytieg's Distillery.
  9580 | D:9      | Bought a potion of heal wounds for 70 gold pieces
  9580 | D:9      | Bought a potion of curing for 42 gold pieces
  9588 | D:9      | Found a shimmering altar of Xom.
  9766 | D:9      | Reached * piety under Makhleb
 10019 | D:10     | Entered Level 10 of the Dungeon
 10410 | D:10     | Identified a scroll of acquirement
 10411 | D:10     | Acquired a +5 long sword of electrocution
 10539 | D:10     | Reached skill level 1 in Long Blades
 11126 | D:10     | Noticed a two-headed ogre
 11160 | D:10     | Killed a two-headed ogre
 11161 | D:10     | Reached XP level 11. HP: 79/80 MP: 0/0
 11161 | D:10     | Learned a level 5 spell: Arcjolt
 11425 | D:10     | Reached skill level 10 in Dodging
 11571 | D:10     | Found a staircase to the Lair.
 11721 | D:10     | Reached skill level 5 in Long Blades
 11898 | D:10     | Found a staircase to the Orcish Mines.
 11981 | Lair:1   | Entered Level 1 of the Lair of Beasts
 11981 | Lair:1   | Noticed a boulder beetle
 12055 | Lair:1   | Reached ** piety under Makhleb
 12183 | Lair:1   | Noticed Urug
 12208 | Lair:1   | Killed Urug
 12407 | Lair:1   | Killed a boulder beetle
 12454 | Lair:1   | Reached XP level 12. HP: 77/86 MP: 0/0
 12505 | Lair:1   | Noticed a four-headed hydra
 13034 | Lair:2   | Found a runed translucent gate.
 13034 | Lair:2   | Found a runed translucent gate.
 13034 | Lair:2   | Found a runed translucent gate.
 13103 | Lair:2   | Noticed jasper's ghost (journeyman OgAE)
 13212 | Lair:2   | Reached *** piety under Makhleb
 13278 | Lair:2   | Reached skill level 1 in Invocations
 13431 | Lair:2   | Noticed Gastronok
 13556 | Lair:2   | Killed Gastronok
 13557 | Lair:2   | Reached XP level 13. HP: 92/92 MP: 0/0
 13557 | Lair:2   | Learned a level 5 spell: Metabolic Englaciation
 13703 | Lair:2   | You are sucked into a shaft and drop 2 floors!
 13814 | Lair:4   | Reached skill level 10 in Long Blades
 13823 | Lair:3   | Found a hole to the Spider Nest.
 13829 | Lair:3   | Acquired the +2 hood of the Assassin {Detect Stab+ Stlth++}
 13829 | Lair:3   | Found the +2 hood of the Assassin {Detect Stab+ Stlth++}
 13885 | Lair:3   | Found a dark tunnel.
 13918 | Volcano  | Entered a volcano
 14161 | Lair:3   | Reached **** piety under Makhleb
 14315 | Lair:3   | Reached XP level 14. HP: 97/97 MP: 0/0
 15614 | Lair:4   | Noticed kd29's ghost (journeyman TrSh)
 15665 | Lair:4   | Found a transporter.
 15670 | Lair:4   | Found a transporter.
 16074 | Lair:4   | Noticed Snorg
 16098 | Lair:4   | Killed Snorg
 16305 | Lair:4   | Identified the +8 broad axe of Tumult {pain, Str+2}
 16395 | Lair:5   | Entered Level 5 of the Lair of Beasts
 16495 | Lair:5   | Found a staircase to the Slime Pits.
 16496 | Lair:5   | Found a viscous altar of Jiyva.
 16533 | Lair:5   | Reached skill level 5 in Invocations
 16567 | Lair:5   | Noticed Nessos
 16569 | Lair:5   | Nessos changed into Nessos the torpor snail
 16569 | Lair:5   | Noticed Nessos
 16586 | Lair:5   | Killed Nessos the torpor snail
 16677 | Lair:5   | Noticed Ehotes's ghost (journeyman SpEn)
 16745 | Lair:5   | Reached ***** piety under Makhleb
 16761 | Lair:5   | Reached XP level 15. HP: 103/107 MP: 0/0
 16761 | Lair:5   | Learned a level 6 spell: Bombard
 16866 | Lair:5   | Found a transporter.
 16957 | Lair:5   | Reached skill level 10 in Fighting
 17055 | Lair:5   | Found a bloodstained altar of Trog.
 17056 | Lair:5   | Found a transporter.
 17284 | Lair:5   | Found a runed translucent door.
 18189 | D:9      | Killed Psyche
 18523 | D:5      | Killed Grinder
 18597 | D:4      | Killed Menkaure
 19618 | D:12     | Found Koxteth's Changing Room.
 19925 | D:12     | Identified the +0 plate armour of Tenacity {rN+ Int+3}
 20215 | Orc:1    | Entered Level 1 of the Orcish Mines
 20303 | Orc:1    | Paralysed by an orc sorcerer for 4 turns
 20397 | Orc:1    | Noticed an orc warlord
 20425 | Orc:1    | Reached ****** piety under Makhleb
 20731 | Orc:1    | Killed an orc warlord
 20958 | Orc:2    | Entered Level 2 of the Orcish Mines
 21206 | Orc:2    | Reached XP level 16. HP: 106/116 MP: 0/0
 21326 | Orc:2    | Found a staircase to the Elven Halls.
 21957 | Orc:2    | Found Pukevaoz's Distillery.
 21960 | Orc:2    | Found Mouj's Assorted Antiques.
 21961 | Orc:2    | Found Hewupleguh's Weapon Emporium.
 21962 | Orc:2    | Found Kunosay's Distillery.
 21972 | Orc:2    | Bought a bubbling black potion for 24 gold pieces
 22353 | D:13     | Found a glowing golden altar of the Shining One.
 22485 | D:13     | Reached skill level 10 in Invocations
 22696 | D:13     | Found a runed translucent gate.
 22697 | D:13     | Found a runed translucent gate.
 22698 | D:13     | Found a runed translucent gate.
 22700 | D:13     | Noticed beavisfan's ghost (journeyman DsEE)
 23461 | D:14     | Found a gate to the Vaults.
 23890 | D:14     | Reached skill level 5 in Shields
 23910 | D:15     | Entered Level 15 of the Dungeon
 24835 | D:15     | Found a staircase to the Depths.
 25119 | D:8      | Killed Thrassey's ghost
 25135 | D:8      | Killed lunkers's ghost
 25475 | Lair:3   | Found a staircase to the Swamp.
 25741 | Swamp:1  | Entered Level 1 of the Swamp
 26092 | Swamp:1  | Reached XP level 17. HP: 114/121 MP: 0/0
 26092 | Swamp:1  | Learned a level 6 spell: Conjure Ball Lightning
 26594 | Swamp:2  | Reached skill level 1 in Armour
 27279 | Swamp:2  | Reached skill level 15 in Dodging
 27799 | Swamp:3  | Noticed a tentacled monstrosity
 28111 | Swamp:3  | Reached skill level 5 in Armour
 28386 | Swamp:4  | Entered Level 4 of the Swamp
 28600 | Swamp:4  | Noticed a thorn hunter
 28601 | Swamp:4  | Killed a thorn hunter
 29093 | Swamp:4  | Reached XP level 18. HP: 128/128 MP: 0/0
 29563 | Swamp:4  | Got a decaying rune of Zot
 29724 | Spider:1 | Entered Level 1 of the Spider Nest
 30751 | Spider:1 | Reached skill level 10 in Spellcasting
 30751 | Spider:1 | Reached skill level 10 in Conjurations
 30751 | Spider:1 | Reached skill level 10 in Hexes
 30751 | Spider:1 | Reached skill level 10 in Summonings
 30751 | Spider:1 | Reached skill level 10 in Necromancy
 30751 | Spider:1 | Reached skill level 10 in Translocations
 30751 | Spider:1 | Reached skill level 10 in Transmutations
 30751 | Spider:1 | Reached skill level 10 in Fire Magic
 30751 | Spider:1 | Reached skill level 10 in Ice Magic
 30751 | Spider:1 | Reached skill level 10 in Air Magic
 30751 | Spider:1 | Reached skill level 10 in Earth Magic
 30751 | Spider:1 | Reached skill level 10 in Poison Magic
 32006 | Spider:2 | Noticed Frances
 32328 | Elf:1    | Entered Level 1 of the Elven Halls
 32332 | Elf:1    | Paralysed by an air elemental for 1 turns
 32339 | Orc:2    | Paralysed by an air elemental for 1 turns
 32357 | Orc:2    | Paralysed by an air elemental for 1 turns
 32365 | Orc:2    | Paralysed by an air elemental for 1 turns
 32726 | Elf:1    | Reached XP level 19. HP: 120/138 MP: 0/0
 32726 | Elf:1    | Learned a level 6 spell: Simulacrum
 33114 | Elf:1    | Found a runed translucent door.
 33114 | Elf:1    | Found a shimmering altar of Xom.
 33114 | Elf:1    | Noticed avis's ghost (adept FeSh)
 33170 | Elf:1    | Paralysed by an air elemental for 1 turns
 33201 | Elf:1    | Noticed Zenata
 33216 | Elf:1    | Killed Zenata
 33954 | Elf:1    | Noticed Azrael
 33971 | Elf:1    | Killed Azrael
 34210 | Elf:1    | Identified the ring of Rol Heh {*Slow rF+ rC+++ Str+3
                  | Dex+3}
 34263 | Elf:1    | Killed avis's ghost
 34551 | Elf:2    | Paralysed by an air elemental for 1 turns
 34930 | Elf:2    | Found a runed translucent gate.
 34930 | Elf:2    | Found a runed translucent gate.
 34930 | Elf:2    | Found a runed translucent gate.
 34978 | Elf:2    | Reached XP level 20. HP: 144/144 MP: 0/0
 35641 | Lair:4   | Killed kd29's ghost
 36715 | Lair:2   | Killed jasper's ghost
 36762 | Lair:2   | Got the ring "Mutyshru" {Fire rCorr Str+3 Int-5}
 36949 | D:13     | Killed beavisfan's ghost
 37287 | Spider:2 | Killed Frances
 37348 | Spider:2 | Identified the +1 leather armour "Pucusuy" {-Tele rN+ Dex+2
                  | Stlth+}
 37761 | Spider:3 | Noticed Asterion
 37769 | Spider:2 | Killed Asterion
 38137 | Spider:3 | Noticed Bai Suzhen
 38309 | Spider:3 | Noticed Arachne
 38470 | Spider:3 | Killed Arachne
 38729 | Spider:4 | Entered Level 4 of the Spider Nest
 39196 | Spider:4 | Reached XP level 21. HP: 149/149 MP: 0/0
 39196 | Spider:4 | Learned a level 8 spell: Ignition
 39825 | Spider:4 | Identified the +1 hat of Bonaoddo {rPois rC++ Int+2 Dex-4}
 39832 | Spider:4 | Got a gossamer rune of Zot
 40437 | Vaults:1 | Entered Level 1 of the Vaults
 41351 | Vaults:1 | Reached skill level 10 in Armour
 42371 | Vaults:2 | Gained mutation: You are very vulnerable to cold. (rC--) [a
                  | shining eye]
 42383 | Vaults:2 | Lost mutation: You are very vulnerable to cold. (rC--)
                  | [potion of mutation]
 42383 | Vaults:2 | Gained mutation: You are agile. (Dex +4, Str/Int -1)
                  | [potion of mutation]
 42383 | Vaults:2 | Gained mutation: Your spells are a little harder to cast,
                  | but a little more powerful. [potion of mutation]
 42383 | Vaults:2 | Gained mutation: You have hidden genetic defects. [potion
                  | of mutation]
 42383 | Vaults:2 | Gained mutation: You are very agile. (Dex +8, Str/Int -2)
                  | [potion of mutation]
 42384 | Vaults:2 | Lost mutation: You have hidden genetic defects. [potion of
                  | mutation]
 42384 | Vaults:2 | Lost mutation: Your spells are a little harder to cast, but
                  | a little more powerful. [potion of mutation]
 42384 | Vaults:2 | Gained mutation: You occasionally lose the ability to read
                  | scrolls when taking damage. [potion of mutation]
 42384 | Vaults:2 | Gained mutation: Your movements are slightly less
                  | encumbered by armour. (ER -2) [potion of mutation]
 42567 | Vaults:2 | Noticed Saint Roka
 42771 | D:9      | Bought a potion of mutation for 112 gold pieces
 42771 | D:9      | Lost mutation: You occasionally lose the ability to read
                  | scrolls when taking damage. [potion of mutation]
 42771 | D:9      | Lost mutation: You are very agile. (Dex +8, Str/Int -2)
                  | [potion of mutation]
 42771 | D:9      | Gained mutation: Your body sometimes deteriorates upon
                  | taking damage. [potion of mutation]
 42771 | D:9      | Gained mutation: You are frail. (-10% HP) [potion of
                  | mutation]
 42771 | D:9      | Gained mutation: Your flesh is almost immune to the effects
                  | of heat. (rF+++) [potion of mutation]
 42772 | D:9      | Lost mutation: You are agile. (Dex +4, Str/Int -1) [potion
                  | of mutation]
 42772 | D:9      | Lost mutation: Your movements are slightly less encumbered
                  | by armour. (ER -2) [potion of mutation]
 42772 | D:9      | Lost mutation: Your flesh is almost immune to the effects
                  | of heat. (rF+++) [potion of mutation]
 42772 | D:9      | Gained mutation: You have a pair of small horns on your
                  | head. [potion of mutation]
 42886 | Orc:2    | Bought 2 potions of mutation for 224 gold pieces
 42886 | Orc:2    | Lost mutation: You have a pair of small horns on your head.
                  | [potion of mutation]
 42886 | Orc:2    | Lost mutation: Your body sometimes deteriorates upon taking
                  | damage. [potion of mutation]
 42886 | Orc:2    | Lost mutation: You are frail. (-10% HP) [potion of
                  | mutation]
 42886 | Orc:2    | Gained mutation: Your body sometimes deteriorates upon
                  | taking damage. [potion of mutation]
 42886 | Orc:2    | Gained mutation: You have a pair of small horns on your
                  | head. [potion of mutation]
 42886 | Orc:2    | Gained mutation: You are strong-willed. (Will+) [potion of
                  | mutation]
 42886 | Orc:2    | Gained mutation: You passively dampen the noise of your
                  | surroundings. [potion of mutation]
 43112 | Vaults:2 | Noticed Mara
 43215 | Vaults:2 | Noticed Nikola
 43236 | Vaults:2 | Killed Nikola
 43469 | Vaults:2 | Found a staircase to the Crypt.
 43746 | Vaults:2 | Killed Saint Roka
 43841 | Vaults:2 | Found Pezxug's General Store.
 43846 | Vaults:2 | Bought a scroll of enchant armour for 142 gold pieces
 43905 | Vaults:3 | Reached XP level 22. HP: 158/158 MP: 0/0
 44617 | Vaults:3 | Found Kuidghapp's Armour Shop.
 45002 | Vaults:3 | Found a runed translucent gate.
 45002 | Vaults:3 | Found an opulent altar of Gozag.
 45002 | Vaults:3 | Found a runed translucent gate.
 45002 | Vaults:3 | Found a runed translucent gate.
 45002 | Vaults:3 | Found Ulihereh's Assorted Antiques.
 45004 | Vaults:3 | Noticed Naox's ghost (adept KoAr)
 45046 | Vaults:3 | Killed Naox's ghost
 45181 | Vaults:3 | Reached skill level 15 in Fighting
 45219 | Vaults:3 | Bought a faintly glowing ring mail for 243 gold pieces
 45219 | Vaults:3 | Identified the +0 ring mail of Kealey {rElec rC+ Will-
                  | Int+3 Stlth+} (You bought it in a shop on level 3 of the
                  | Vaults)
 45771 | Vaults:4 | Reached skill level 15 in Spellcasting
 45771 | Vaults:4 | Reached skill level 15 in Conjurations
 45771 | Vaults:4 | Reached skill level 15 in Hexes
 45771 | Vaults:4 | Reached skill level 15 in Summonings
 45771 | Vaults:4 | Reached skill level 15 in Necromancy
 45771 | Vaults:4 | Reached skill level 15 in Translocations
 45771 | Vaults:4 | Reached skill level 15 in Transmutations
 45771 | Vaults:4 | Reached skill level 15 in Fire Magic
 45771 | Vaults:4 | Reached skill level 15 in Ice Magic
 45771 | Vaults:4 | Reached skill level 15 in Air Magic
 45771 | Vaults:4 | Reached skill level 15 in Earth Magic
 45771 | Vaults:4 | Reached skill level 15 in Poison Magic
 46077 | Vaults:4 | Identified the +2 ring mail of the Moon {rElec rCorr Dex-2}
 47445 | Elf:3    | Entered Level 3 of the Elven Halls
 47447 | Elf:3    | Reached XP level 23. HP: 166/166 MP: 0/0
 47447 | Elf:3    | Learned a level 7 spell: Orb of Destruction
 49143 | Elf:3    | Identified the amulet "Somahokk" {Spirit Dex+3 Slay+2}
 49428 | Elf:3    | Identified the +5 war axe of Luturoi {venom, Fragile rPois
                  | rF++ Int+3}
 50269 | Elf:3    | Identified the +0 ring mail of Dishonesty {Int+2}
 50816 | Depths:1 | Entered Level 1 of the Depths
 51319 | Depths:1 | Identified the ring of Esiegi {rF+ Will+ AC+4 Stlth+}
 51495 | Depths:1 | Found a gateway to Hell.
 51741 | Depths:2 | Identified the +0 pair of gloves of Ozill {rElec Dex+3}
 52030 | Depths:2 | Found a one-way gate leading to the halls of Pandemonium.
 52108 | Depths:2 | Noticed Sojobo
 52128 | Depths:2 | Killed Sojobo
 52249 | Depths:2 | You are sucked into a shaft and drop 2 floors!
 52249 | Depths:4 | Entered Level 4 of the Depths
 52348 | Depths:4 | Reached XP level 24. HP: 181/181 MP: 0/0
 52531 | Depths:3 | Found a hide-covered altar of Uskayaw.
 53097 | Depths:4 | Noticed a golden dragon
 53123 | Depths:4 | Killed a golden dragon
 53172 | Depths:4 | Found a gate to the Realm of Zot.
 53880 | Depths:3 | Found a one-way gate to the infinite horrors of the Abyss.
 54777 | Depths:3 | Reached skill level 15 in Long Blades
 54955 | Depths:2 | Found a one-way gateway to a ziggurat.
 55086 | Depths:2 | Identified the +1 robe "Adutef" {Str+3}
 55273 | Depths:2 | Found the +3 Mad Mage's Maulers {Infuse+∞ VampMP -Cast}
 55485 | Depths:2 | Identified the +2 cloak of Polytheism {Will+ Str+3}
 55558 | Depths:2 | Identified the +2 quarterstaff of Doors {drain, rPois rC+
                  | Str+2}
 56046 | Crypt:1  | Entered Level 1 of the Crypt
 56232 | Crypt:1  | Reached XP level 25. HP: 189/189 MP: 0/0
 56232 | Crypt:1  | Learned a level 9 spell: Fire Storm
 56475 | Crypt:1  | Identified the +0 robe of Yredelemnul {rElec Dex+3 Slay-5
                  | Stlth+}
 56585 | Crypt:1  | Reached skill level 10 in Shields
 57197 | Crypt:2  | Found a basalt altar of Yredelemnul.
 57197 | Crypt:2  | Noticed Vv
 57215 | Crypt:2  | Killed Vv
 57516 | Crypt:3  | Entered Level 3 of the Crypt
 57774 | Crypt:3  | Noticed Margery
 57836 | Crypt:3  | Noticed Frederick
 57944 | Crypt:3  | Killed Margery
 58206 | Crypt:3  | Killed Frederick
 58211 | Crypt:3  | Killed the ghostly Frederick
 58547 | Crypt:3  | Found a staircase to the Tomb.
 58740 | Crypt:3  | Noticed a dread lich
 58768 | Crypt:3  | Killed a dread lich
 58776 | Crypt:3  | Noticed an ancient lich
 58807 | Crypt:3  | Killed an ancient lich
 58897 | Crypt:3  | Identified the staff "Hutyomiry" {rF+ rC+ Str+3 Int+3 Ice}
 58900 | Crypt:3  | Identified the amulet "Hosiqaba" {RegenMP Harm Regen+ Int+5
                  | SInv}
 58907 | Crypt:3  | Identified the ring "Liurghoo" {rPois rN+ Dex+3}
 58907 | Crypt:3  | Identified the ring of Jeotosargh {rN+ MP+9 Str+8 Dex-3
                  | Stlth-}
 58907 | Crypt:3  | Identified the ring "Dutsos" {rN+ Int+2 Dex-3 Stlth+}
 59160 | Vaults:5 | Entered Level 5 of the Vaults
 59211 | Vaults:4 | Reached XP level 26. HP: 182/195 MP: 0/0
 59530 | Vaults:5 | Noticed an ancient lich
 59665 | Vaults:5 | Killed an ancient lich
 60010 | Vaults:5 | Identified the +8 spear of the Chickpea {flame, rPois rCorr
                  | Str-3 Int+3}
 60015 | Vaults:5 | Identified the +11 shortbow of Immorality {flame, Dex+3}
 60016 | Vaults:5 | Identified the +1 scale mail of Refuge {Regen+}
 60034 | Vaults:5 | Identified the +0 ring mail of the Doomed God {rF++ Slay-4}
 60049 | Vaults:5 | Got a silver rune of Zot
 60052 | Vaults:5 | Identified the ring of Jaeg {Wiz rPois Slay+3}
 60063 | Vaults:5 | Identified the amulet "Ycuttat" {Reflect Str+6 SH+5}
 60485 | Vaults:5 | Identified the +4 great mace of Conijaem {heavy, Str+2}
 60772 | Vaults:5 | Found Zaukh's Magic Scroll Boutique.
 60826 | Vaults:5 | Noticed a dread lich
 60843 | Vaults:5 | Killed a dread lich
 60893 | Vaults:5 | Bought a scroll of teleportation for 66 gold pieces
 60893 | Vaults:5 | Bought a scroll of blinking for 165 gold pieces
 60893 | Vaults:5 | Bought a scroll of blinking for 165 gold pieces
 60893 | Vaults:5 | Bought a scroll of fog for 88 gold pieces
 60924 | Vaults:5 | Reached XP level 27. HP: 202/202 MP: 0/0
 60924 | Vaults:5 | Learned a level 9 spell: Chain Lightning
 61054 | Vaults:5 | Noticed an ancient lich
 61058 | Vaults:5 | Noticed an ancient lich
 61062 | Vaults:5 | Killed an ancient lich
 61070 | Vaults:5 | Killed an ancient lich
 61087 | Vaults:5 | Acquired a manual of Invocations
 61288 | Vaults:5 | Found the -2 hat of the Alchemist {rElec rPois rF+ rC+ rN+
                  | Will+ rMut rCorr}
 61363 | Vaults:5 | Found Mianyck's Distillery.
 61367 | Vaults:5 | Bought a potion of heal wounds for 110 gold pieces
 61367 | Vaults:5 | Bought a potion of haste for 220 gold pieces
 61367 | Vaults:5 | Bought a potion of resistance for 220 gold pieces
 61739 | Orc:2    | Bought a scroll of blinking for 202 gold pieces
 61741 | Orc:2    | Bought a potion of haste for 110 gold pieces
 61741 | Orc:2    | Bought a potion of haste for 110 gold pieces
 61741 | Orc:2    | Bought a potion of haste for 110 gold pieces
 61742 | Orc:2    | Bought a potion of heal wounds for 70 gold pieces
 61742 | Orc:2    | Bought a potion of invisibility for 112 gold pieces
 61742 | Orc:2    | Bought 2 potions of mutation for 224 gold pieces
 61742 | Orc:2    | Bought a potion of lignification for 42 gold pieces
 61742 | Orc:2    | Bought a potion of mutation for 112 gold pieces
 61742 | Orc:2    | Bought a potion of cancellation for 112 gold pieces
 62016 | Zot:1    | Entered Level 1 of the Realm of Zot
 62281 | Zot:2    | You are sucked into a shaft and drop 2 floors!
 62310 | Zot:3    | Found a transporter.
 62310 | Zot:3    | Found a transporter.
 62311 | Zot:3    | Noticed an ancient lich
 62315 | Zot:3    | Found a transporter.
 63057 | Zot:5    | Entered Level 5 of the Realm of Zot
 63787 | Zot:5    | Noticed an ancient lich
 63789 | Zot:5    | Noticed an orb of fire
 63789 | Zot:5    | Noticed a Killer Klown
 63790 | Zot:5    | Noticed an orb of fire
 63802 | Zot:5    | Killed an ancient lich
 63983 | Zot:5    | Noticed a Killer Klown
 64001 | Zot:5    | Killed an orb of fire
 64011 | Zot:5    | Killed a Killer Klown
 64021 | Zot:5    | Identified the ring of Eternal Night {rN+ MP+9 Str+5}
 64024 | Zot:5    | Noticed a Killer Klown
 64030 | Zot:5    | Noticed a Killer Klown
 64031 | Zot:5    | Killed a Killer Klown
 64057 | Zot:5    | Killed a Killer Klown
 64064 | Zot:5    | Noticed a Killer Klown
 64090 | Zot:5    | Killed an orb of fire
 64092 | Zot:5    | Noticed an ancient lich
 64097 | Zot:5    | a Killer Klown changed into a titan
 64108 | Zot:5    | Killed an ancient lich
 64476 | Zot:5    | Killed a Killer Klown
 64618 | Zot:5    | Got the Orb of Zot
 64795 | Depths:4 | Noticed Pitauk the pandemonium lord
 64821 | Depths:2 | Noticed a seraph
 64987 | D:10     | Noticed a seraph
 65209 | D:4      | Noticed Corpho Ise the pandemonium lord
 65231 | D:3      | Noticed Isarr the pandemonium lord
 65261 | D:$      | Escaped with the Orb!

Illustrated notes

Levels and vault maps discovered:
D:1:      pf_arrival_petrified_forest, layout_loops_ring
D:2:      layout_rooms, basic_ecumenical_altar
D:3:      layout_rooms, pf_guarded_unrand_delatra
D:4:      kennysheep_six_static_rooms, layout_basic, grunt_ministairs_15,
          mrwooster_statue_mirror, uniq_edmund, uniq_robin, uniq_menkaure
D:5:      layout_loops_ring, lemuel_round_altar, mainiacjoe_overflow_swirl,
          uniq_grinder
D:6:      layout_layer_cave, mainiacjoe_overflow_alcove_2,
          kennysheep_okawaru_gauntlet, kennysheep_generic_room_4
D:7:      layout_loops_cross, minmay_temple_entry_gardened_gates
D:8:      layout_loops_cross, gammafunk_ghost_cemetery, corexii_hall_statues_s
D:9:      layout_stronghold, mainiacjoe_overflow_concentric_impassable,
          serial_shops, nicolae_shop_industrial_runoff, uniq_psyche
D:10:     layout_basic, due_lair_maze_entry_diamond,
          kennysheep_orc_monster_closet_entryway
D:11:     layout_gridville
D:12:     layout_roguey, minivault_22, nicolae_transmutations_shop,
          minmay_quadrilaterals
D:13:     layout_rooms, gammafunk_ghost_necromancy,
          nicolae_tso_swordbearing_angel
D:14:     layout_irregular_city, erik_vaults_1
D:15:     grunt_enter_depths_magical_seal, layout_basic
Temple:   eino_temple_scatter_basement
Lair:1:   cheibrodos_lair_river_kwai, layout_cave_shapes, minivault_26,
          beast_lair_carwin_8, uniq_urug
Lair:2:   layout_cave_pods, gammafunk_ghost_icy, patterned_corridor,
          lemuel_fruit_tree, uniq_gastronok
Lair:3:   layout_roguey, nicolae_swamp_entry_spooky,
          nicolae_spider_entry_orb_guardian, nicolae_volcano_entry_batcave
Lair:4:   layout_cellular_growth, gammafunk_ghost_hive,
          minmay_stone_trees_small, minmay_hedge_maze, st_stairs_5,
          pdpol_lair_neglected_garden, worms_lemuel, uniq_snorg
Lair:5:   wormcave, layout_cave_shapes, hangedman_lair_in_review,
          nicolae_slime_entry_slimehenge, gammafunk_ghost_wrathful_warriors,
          gammafunk_lair_bear_cave, uniq_nessos
Swamp:1:  layout_basic_swamp, evilmike_swamp_ruin_house_5,
          infiniplex_staircase_pool_2
Swamp:2:  layout_basic_swamp, hangedman_swamp_blocks, swamp_pool1
Swamp:3:  layout_falls_marsh, infiniplex_staircase_pool
Swamp:4:  swamp_fiery, layout_basic_swamp
Spider:1: nicolae_spider_hilbert_zone_1 [nicolae_spider_hilbert_4_sides_1_open,
          nicolae_spider_hilbert_4_sides_1_open,
          nicolae_spider_hilbert_4_sides_1_open,
          nicolae_spider_hilbert_4_sides_1_open,
          nicolae_spider_hilbert_3_sides_1_open,
          nicolae_spider_hilbert_3_sides_1_open,
          nicolae_spider_hilbert_3_sides_1_open,
          nicolae_spider_hilbert_3_sides_1_open,
          nicolae_spider_hilbert_3_sides_1_open,
          nicolae_spider_hilbert_6_sides_1_open,
          nicolae_spider_hilbert_6_sides_1_open,
          nicolae_spider_hilbert_3_sides_1_open,
          nicolae_spider_hilbert_3_sides_1_open,
          nicolae_spider_hilbert_3_sides_1_open,
          nicolae_spider_hilbert_3_sides_1_open,
          nicolae_spider_hilbert_2_sides_1_open]
Spider:2: nicolae_spider_mines_3, hangedman_spider_tarantella_strand,
          uniq_frances
Spider:3: layout_spider_delve, guppyfry_hornet_nest, uniq_bai_suzhen,
          uniq_arachne, uniq_asterion
Spider:4: grunt_spider_rune_island
Orc:1:    layout_diamond_mine, basic_altar, mines2_david
Orc:2:    st_orc_pillars, layout_caves, nicolae_orc_bridge_out
Elf:1:    nicolae_elf_arrival_aired_out, layout_gridlike, special_room
          [special_room_mythical_zoo], ebering_ghost_xom, minivault_28,
          st_stairs_8, uniq_azrael, uniq_zenata
Elf:2:    elven_hall_of_blades_hangedman_original
          [nicolae_blade_entry_hurt_lockers], layout_gridlike, basic_altar,
          grunt_ministairs_8, guppyfry_elf_altar
Elf:3:    grunt_elf_hall_diamonds, layout_loops_corners
Vaults:1: nicolae_vaults_crenellated_ambush, vaults_dpeg_hooks,
          vaults_dpeg_encased_lava, nicolae_vaults_heart-shaped_vault,
          ontoclasm_vaults_idyll, layout_vaults_omnigrid
Vaults:2: nicolae_vaults_sesquioval_fish, nicolae_vaults_storage_room_glass,
          nicolae_vaults_little_ls, nicolae_vaults_trapezoid_lopsided_3,
          grunt_vaults_hallway_long, minmay_crypt_entry_simple_walls,
          nicolae_vaults_closet_pinwheel_6, hangedman_vaults_cutoff, v_misc_27,
          layout_vaults_ring, serial_shops, shop, uniq_nikola, uniq_saint_roka,
          uniq_mara
Vaults:3: ebering_ghost_gozag, nicolae_vaults_closet_pinwheel_4,
          nicolae_vaults_meiosis, kb_rosetta, nicolae_vaults_more_shelving_1,
          v_misc_29, v_alt_pattern_4, ontoclasm_vaults_loading_screen,
          nicolae_vaults_trapezoid_4, v_misc_2, layout_vaults_big_cross,
          serial_shops, nicolae_shop_just_a_little_nook
Vaults:4: ontoclasm_vaults_hangar, vaults_mumra_bighexcomb, vaults_room_fours,
          nicolae_vaults_what_the_h, vaults_room_ringed_pool,
          nicolae_vaults_offset_grid_hallway_4, hangedman_vaults_slither,
          ontoclasm_vaults_spin, nicolae_vaults_closet_pinwheel_4,
          nicolae_vaults_storage_closets_1, vaults_room_large_hall,
          nicolae_vaults_trapezoid_1, hangedman_vaults_impose,
          nicolae_vaults_variable_pillar_hall, nicolae_vaults_little_squares_3,
          layout_vaults_maze_bifur
Vaults:5
Crypt:1:  layout_regular_city
Crypt:2:  layout_rooms, basic_altar, uniq_vv
Crypt:3:  david_glass_crypt, layout_basic, nicolae_tomb_entry_grand_gallery,
          uniq_margery, uniq_frederick
Depths:1: layout_cave_shapes, hell_entry, hangedman_abyss_or_decor_passed,
          chequers_decorated_corner, kennysheep_small_spiral,
          kennysheep_inner_square
Depths:2: vault_1, layout_twisted_cross, enter_ziggurat_f,
          grunt_hell_entry_dis_old, rand_demon_pan_entry_4,
          serial_bayou_shore_b, uniq_sojobo
Depths:3: regret_index_uskayaw_diablada_macabre, layout_gridlike, hell_entry,
          abyss_entry_glasseish, drop_trap, infiniplex_staircase_split_hallway
Depths:4: grunt_zot_entry_bicorn, layout_gridlike, grunt_metal_band
Zot:1:    kennysheep_spiral_hall, layout_gridlike, st_stairs_7,
          grunt_megastairs_2
Zot:2:    kennysheep_bubbly, layout_onion, grunt_megastairs_4, uniq_parghit
Zot:3:    gammafunk_sealed_library, layout_concentric_octagons,
          serial_nicolae_subway, nicolae_sub_station_metal,
          nicolae_sub_station_stone, nicolae_sub_station_crystal
Zot:4:    layout_gridville, drop_trap
Zot:5:    layout_basic

Skill      XL: |  1  2  3  4  5  6  7  8  9 10 11 12 13 14 15 16 17 18 19 20 21 22 23 24 25 26 27 |
---------------+----------------------------------------------------------------------------------+-----
Spellcasting   | 3 4 5 6 7 8 9 10 12 13 14 15 16 17 18 19 22 | 22.3
Conjurations   | 3 4 5 6 7 8 9 10 12 13 14 15 16 17 18 19 22 | 22.3
Hexes          | 3 4 5 6 7 8 9 10 12 13 14 15 16 17 18 19 22 | 22.3
Summonings     | 3 4 5 6 7 8 9 10 12 13 14 15 16 17 18 19 22 | 22.3
Necromancy     | 3 4 5 6 7 8 9 10 12 13 14 15 16 17 18 19 22 | 22.3
Translocations | 3 4 5 6 7 8 9 10 12 13 14 15 16 17 18 19 22 | 22.3
Transmutations | 3 4 5 6 7 8 9 10 12 13 14 15 16 17 18 19 22 | 22.3
Fire Magic     | 3 4 5 6 7 8 9 10 12 13 14 15 16 17 18 19 22 | 22.3
Ice Magic      | 3 4 5 6 7 8 9 10 12 13 14 15 16 17 18 19 22 | 22.3
Air Magic      | 3 4 5 6 7 8 9 10 12 13 14 15 16 17 18 19 22 | 22.3
Earth Magic    | 3 4 5 6 7 8 9 10 12 13 14 15 16 17 18 19 22 | 22.3
Poison Magic   | 3 4 5 6 7 8 9 10 12 13 14 15 16 17 18 19 22 | 22.3
Fighting       | 2 4 6 7 9 11 13 14 15 17 18 | 18.9
Shields        | 2 8 9 12 13 | 13.4
Dodging        | 5 7 9 10 12 14 16 17 19 20 | 20.0
Evocations     | 2 3 |  3.0
Long Blades    | 3 7 9 10 11 13 14 15 | 15.7
Invocations    | 4 5 8 11 12 | 12.0
Stealth        | 6 8 9 |  9.3
Armour         | 7 8 11 12 | 12.8

Action                     |  1- 3 |  4- 6 |  7- 9 | 10-12 | 13-15 | 16-18 | 19-21 | 22-24 | 25-27 || total
---------------------------+-------+-------+-------+-------+-------+-------+-------+-------+-------++-------
  Melee: Dagger            |       |     2 |    96 |   203 |       |       |       |       |       ||   301
         Long sword        |       |       |       |   276 |   980 |  1515 |   445 |       |       ||  3216
         Scimitar          |       |       |       |       |       |   214 |    54 |       |       ||   268
         Double sword      |       |       |       |       |       |       |  1234 |  1727 |  1798 ||  4759
         Headbutt          |       |       |       |       |       |       |    21 |   623 |   699 ||  1343
  Throw: Dart              |       |     1 |       |     1 |     3 |       |     1 |     2 |     1 ||     9
   Cast: Magic Dart        |    63 |    89 |   211 |    39 |    17 |     4 |    14 |       |     1 ||   438
         Call Imp          |     4 |    13 |    46 |    25 |    11 |     8 |     2 |       |       ||   109
         Freeze            |       |     4 |    32 |    14 |     6 |       |       |       |       ||    56
         Mephitic Cloud    |       |     5 |     9 |    28 |    47 |    62 |    65 |    38 |     5 ||   259
         Poisonous Vapours |       |     4 |    52 |    46 |     3 |    13 |    22 |       |       ||   140
         Blink             |       |       |     3 |     1 |    12 |    24 |     6 |     3 |     1 ||    50
         Metabolic Englaci |       |       |       |       |     1 |       |       |       |       ||     1
         Hailstorm         |       |       |       |       |       |     4 |    24 |       |       ||    28
         Arcjolt           |       |       |       |       |       |     4 |       |     1 |       ||     5
         Conjure Ball Ligh |       |       |       |       |       |       |     4 |     2 |       ||     6
         Bombard           |       |       |       |       |       |       |     2 |     1 |     8 ||    11
         Ignition          |       |       |       |       |       |       |       |       |     5 ||     5
 Invoke: Lesser Servant of |       |       |       |       |       |     3 |       |       |       ||     3
         Greater Servant o |       |       |       |       |       |       |     1 |       |       ||     1
  Evoke: Wand              |       |       |       |     7 |    15 |    25 |     7 |     8 |    13 ||    75
    Use: Scroll            |       |       |    14 |    10 |    11 |    17 |    11 |     7 |    19 ||    89
         Potion            |       |       |       |       |     4 |     3 |     9 |     3 |    14 ||    33
   Stab: Distracted        |       |       |     1 |     1 |     2 |    11 |     7 |     6 |     7 ||    35
         Confused          |       |       |     1 |    18 |    31 |    63 |    60 |    33 |     8 ||   214
         Sleeping          |       |       |       |       |    23 |    23 |    50 |    48 |    39 ||   183
         Invisible         |       |       |       |       |     1 |     1 |     3 |     1 |    10 ||    16
         Petrified         |       |       |       |       |       |     1 |       |       |       ||     1
         Betrayed ally     |       |       |       |       |       |     1 |       |       |       ||     1
         Held in net/web   |       |       |       |       |       |       |     1 |       |       ||     1
 Armour: Robe              |     2 |     4 |       |       |       |       |       |       |       ||     6
         Leather armour    |       |       |    83 |    89 |   102 |   332 |       |       |       ||   606
         Troll leather arm |       |       |       |   150 |   385 |       |       |       |       ||   535
         Swamp dragon scal |       |       |       |       |       |   798 |   839 |       |       ||  1637
         Ice dragon scales |       |       |       |       |       |       |       |   856 |   724 ||  1580
  Dodge: Dodged            |     4 |     2 |    85 |   303 |   721 |  1484 |  1043 |   766 |   898 ||  5306
  Block: Buckler           |       |     6 |    28 |   154 |   224 |   108 |       |       |       ||   520
         Reflection        |       |       |       |     4 |       |       |       |       |    29 ||    33
         Kite shield       |       |       |       |       |       |  1024 |   971 |   888 |  1243 ||  4126

Table legend: (Time is in decaauts)
 A = Elapsed time spent in this place.
 B = Non-inter-level travel time spent in this place.
 C = Inter-level travel time spent in this place.
 D = Time resting spent in this place.
 E = Time spent auto-exploring this place.
 F = Levels seen in this place.
 G = Mean time per level.
                   A        B        C        D        E       F      G
               +--------+--------+--------+--------+--------+-----+--------+
         Total |  64615 |  58621 |   5994 |  10424 |  24759 |  52 | 1242.6 |
       Dungeon |  19050 |  16405 |   2645 |   3233 |   8700 |  15 | 1270.0 |
        Temple |     26 |      2 |     24 |      0 |      0 |   1 |   26.0 |
          Lair |   7909 |   6942 |    967 |    529 |   3152 |   5 | 1581.8 |
         Swamp |   3933 |   3723 |    210 |    650 |   1315 |   4 |  983.2 |
   Spider Nest |   5618 |   5324 |    294 |    756 |   2033 |   4 | 1404.5 |
  Orcish Mines |   2455 |   1980 |    475 |    283 |    794 |   2 | 1227.5 |
   Elven Halls |   6104 |   5828 |    276 |   2021 |   1493 |   3 | 2034.7 |
        Vaults |   8836 |   8223 |    613 |   1193 |   3646 |   5 | 1767.2 |
         Crypt |   2908 |   2804 |    104 |    479 |   1245 |   3 |  969.3 |
        Depths |   5047 |   4685 |    362 |    450 |   2381 |   4 | 1261.8 |
           Zot |   2560 |   2541 |     19 |    827 |      0 |   5 |  512.0 |
       Volcano |    165 |    165 |      0 |      0 |      0 |   1 |  165.0 |
               +--------+--------+--------+--------+--------+-----+--------+

Top non-repeatable levels by time:
   Elf:3: 3121 daAuts
    D:10: 2608 daAuts
  Lair:5: 2369 daAuts
Vaults:4: 2177 daAuts
Spider:1: 1966 daAuts
     D:4: 1952 daAuts
   Elf:1: 1867 daAuts
Vaults:5: 1806 daAuts
Vaults:2: 1741 daAuts
Depths:4: 1695 daAuts
Vaults:1: 1685 daAuts
     D:7: 1646 daAuts
     D:6: 1575 daAuts
Depths:2: 1566 daAuts
  Lair:2: 1539 daAuts
